Map: Orbital Shipyard

Players

Player1 (Seed) - Winner!

  • Race: Protoss Protoss

Player4 (GuMiho)

  • Race: Terran Terran

Event: Team Gravity's Fight Night #13

VOD

https://www.youtube.com/watch?v=8zqqsS00DPA&list=PL_BOlLcv8KbhFbvTakl6AYJq-DW01oMw_

Description

Time

  • Played on: April 5, 2015, 8:07 p.m.
  • Length: 8:02

All games in this series

Show
View Real Time Build Order
Export as new Build Order

Player1 Protoss - Winner!

Build Orders: 1 Gate Expand, Oracle Opening, Oracle Opening, Mass Adepts 

Get SALT Encoding   

  12  0:00  Probe  
  13  0:13  Pylon  
  13  0:18  Probe  
  14  0:31  Probe  
  15  0:36  Gateway  
  15  0:43  Probe (Chrono Boost)  
  16  0:54  Probe (Chrono Boost)  
  17  1:01  Probe  
  18  1:10  Nexus  
  18  1:14  Probe  
  19  1:21  Assimilator  
  19  1:26  Probe  
  19  1:31  Cybernetics Core  
  20  1:37  Assimilator  
  20  1:38  Probe (Chrono Boost)  
  21  1:48  Pylon  
  21  1:50  Probe (Chrono Boost)  
  22  2:03  Probe  
  22  2:07  Adept (Chrono Boost)  
  22  2:08  Warp Gate  
  25  2:11  Probe  
  26  2:23  Probe x2  
  29  2:37  Probe (Chrono Boost)  
  29  2:40  Stargate  
  29  2:41  Probe (Chrono Boost)  
  29  2:43  Forge  
  32  2:52  Probe x2 (Chrono Boost)  
  32  3:00  Assimilator  
  32  3:01  Mothership Core (Chrono Boost), Assimilator  
  32  3:04  Probe (Chrono Boost)  
  35  3:11  Probe  
  36  3:21  Probe  
  37  3:27  Probe  
  37  3:28  Oracle (Chrono Boost)  
  37  3:33  Probe  
  42  3:35  Pylon  
  42  3:36  Pylon  
  42  3:39  Probe  
  43  3:45  Probe  
  44  3:53  Probe  
  44  3:54  Twilight Council, Gateway  
  45  3:57  Probe, Protoss Ground Armor Level 1  
  45  3:58  Oracle (Chrono Boost)  
  49  4:05  Probe  
  49  4:09  Probe  
  51  4:13  Pylon  
  51  4:16  Adept  
  53  4:17  Probe  
  53  4:22  Probe  
  55  4:29  Probe  
  56  4:34  Probe  
  54  4:53  Probe x2  
  56  5:00  Stalker x2  
  56  5:06  Gateway  
  60  5:07  Gateway  
  60  5:09  Gateway  
  60  5:11  Gateway  
  60  5:13  Gateway  
  60  5:15  Gateway  
  60  5:16  Probe x2  
  62  5:25  Pylon  
  61  5:29  Stalker  
  61  5:30  Stalker  
  63  5:45  Probe x2  
  63  5:56  Nexus  
  63  5:58  Pylon  
  63  5:59  Pylon, Unknown  
  63  6:01  Adept x4  
  71  6:05  Adept x2  
  70  6:34  Adept x3  
  70  6:35  Adept x5  
  78  6:53  Mothership Core (Chrono Boost)  
  80  6:55  Adept x6  
  80  6:58  Pylon  
  80  7:00  Pylon  
  92  7:08  Probe x2  
  94  7:31  Pylon  
  94  7:34  Adept x2  
  94  7:35  Adept x6  
Show
View Real Time Build Order
Export as new Build Order

Player4 Terran 

Build Orders: Command Center First (CC), Bio Cyclone, MMM Bio 

Get SALT Encoding   

  12  0:00  SCV  
  13  0:13  SCV  
  14  0:21  Supply Depot  
  14  0:25  SCV  
  15  0:42  SCV  
  16  0:55  Command Center  
  16  0:59  SCV  
  17  1:09  Barracks  
  17  1:12  SCV  
  18  1:23  Barracks  
  18  1:26  SCV  
  19  1:38  SCV  
  20  1:41  Refinery  
  20  1:43  Refinery  
  20  1:50  SCV  
  21  1:56  Marine  
  22  2:02  Orbital Command  
  22  2:07  Orbital Command  
  22  2:13  Marine  
  22  2:14  Marine  
  24  2:29  SCV  
  25  2:30  Factory  
  25  2:32  SCV  
  25  2:35  Barracks Tech Lab  
  26  2:41  Barracks Reactor  
  26  2:43  SCV  
  27  2:44  SCV  
  28  2:52  Supply Depot  
  28  2:55  SCV, Marine  
  28  2:56  SCV  
  31  3:00  Stimpack  
  31  3:08  SCV x2  
  33  3:13  Factory Tech Lab  
  33  3:17  Marine  
  34  3:20  SCV  
  34  3:24  Marine  
  34  3:27  SCV  
  34  3:30  Marine  
  34  3:32  SCV  
  34  3:33  Cyclone  
  40  3:35  Supply Depot, Marine  
  40  3:41  Supply Depot  
  41  3:42  Marine  
  41  3:45  SCV x2  
  44  3:49  Marine  
  44  3:53  Marine  
  46  3:57  Supply Depot, SCV x2  
  46  4:00  Marine  
  49  4:05  Cyclone  
  49  4:07  Refinery, Marine  
  53  4:10  SCV, Refinery  
  53  4:11  SCV, Marine  
  56  4:18  Marine  
  56  4:19  Supply Depot  
  56  4:22  SCV  
  56  4:23  SCV  
  59  4:28  Marine x2  
  59  4:29  Barracks  
  61  4:31  Starport  
  61  4:34  SCV  
  61  4:35  SCV, Marine  
  64  4:50  SCV x2  
  64  4:51  Marine x2  
  68  4:53  Marine  
  68  4:55  Engineering Bay  
  62  5:04  Combat Shields  
  62  5:06  SCV x2  
  58  5:18  SCV  
  58  5:19  SCV  
  58  5:21  Marine x2  
  60  5:23  Barracks Reactor  
  60  5:24  Starport Reactor  
  60  5:26  Missile Turret  
  59  5:36  Marine  
  59  5:39  SCV x2, Marine x2  
  61  5:51  Terran Infantry Weapons Level 1, SCV x2  
  61  5:54  Marine  
  61  5:55  Missile Turret  
  61  5:56  Supply Depot, Marine  
  65  5:59  Supply Depot  
  65  6:04  Medivac x2  
  69  6:10  Cyclone  
  72  6:17  Marine x3  
  72  6:18  Marine x2  
  72  6:23  SCV x2  
  74  6:35  Marine x3  
  74  6:36  Marine x2  
  59  6:49  Medivac x2  
  59  6:51  SCV x2  
  65  6:56  Marine x4  
  65  6:57  Marine  
  65  6:59  Cyclone  
  73  7:11  SCV x2  
  73  7:14  Marine x4  
  73  7:15  Marine  
  74  7:31  Marine x2  
  74  7:32  Marine x3  

Tags
 
Add a new tag
Caveats
  • Supply blocks, unpowered buildings, or Contaminate may cause inaccurate times.
  • Supply counts are checked every 10 seconds.